[Event "Hungarian Rapid-ch 2022"]
[Site "Ajka"]
[Date "2022.07.16"]
[Round "6.4"]
[White "Hera, Imre Jr."]
[Black "Horvath, Adam"]
[Result "1/2-1/2"]
[ECO "A46"]
[WhiteElo "2568"]
[BlackElo "2520"]
[Annotator "ChessBase"]
[PlyCount "81"]
[EventDate "2022.07.15"]
[EventType "swiss"]
[EventCountry "HUN"]
[SourceTitle "playchess.com"]
[Source "ChessBase"]
[SourceQuality "1"]
[TimeControl "900+10"]

1. d4 Nf6 2. Nf3 e6 3. Bf4 d5 4. e3 c5 5. Nbd2 Nc6 6. c3 cxd4 7. exd4 Nh5 8. Bg5 f6 9. Be3 g6 10. Bb5 Bd6 11. O-O O-O 12. Re1 Bd7 13. Bf1 Ng7 14. Nb3 Nf5 15. g3 b6 16. Bd2 Nce7 17. Nc1 g5 18. Nd3 Ng6 19. Be3 Rc8 20. Nd2 Kg7 21. Rc1 e5 22. Qb3 e4 23. Nb4 Nxe3 24. fxe3 Bxb4 25. Qxb4 Be6 26. c4 Ne7 27. cxd5 Bxd5 28. Rxc8 Nxc8 29. Rc1 Nd6 30. b3 Rf7 31. Nb1 Rc7 32. Rxc7+ Qxc7 33. Nc3 Bf7 34. Nb5 Nxb5 35. Qxb5 Qc1 36. Kf2 Qd1 37. Qe2 Qc1 38. Qa6 Qd1 39. Qe2 Qc1 40. Qa6 Qd1 41. Qe2 1/2-1/2

[Event "Hungarian Rapid-ch 2022"]
[Site "Ajka"]
[Date "2022.07.16"]
[Round "6.5"]
[White "Csiszar, Csaba"]
[Black "Horvath, Csaba"]
[Result "1-0"]
[ECO "A55"]
[WhiteElo "2389"]
[BlackElo "2506"]
[Annotator "ChessBase"]
[PlyCount "71"]
[EventDate "2022.07.15"]
[EventType "swiss"]
[EventCountry "HUN"]
[SourceTitle "playchess.com"]
[Source "ChessBase"]
[SourceQuality "1"]
[TimeControl "900+10"]

1. d4 Nf6 2. Nf3 d6 3. c4 Nbd7 4. Nc3 e5 5. e4 c6 6. Be2 Be7 7. O-O a6 8. a3 b5 9. b4 bxc4 10. Bxc4 O-O 11. h3 a5 12. b5 Nb6 13. Bd3 cxb5 14. Nxb5 Nfd7 15. Re1 Bb7 16. Rb1 a4 17. Bb2 Qb8 18. Bc3 Rc8 19. Bb4 Bf8 20. Qe2 exd4 21. Nfxd4 Nc5 22. Bc2 Re8 23. Qg4 Nbd7 24. Nf5 g6 25. Bc3 h5 26. Qg5 Kh7 27. e5 dxe5 28. Nbd6 Ne6 29. Qd2 Ndc5 30. Bxe5 Rd8 31. Qe2 Qa7 32. Rxb7 Nxb7 33. Qxh5+ gxh5 34. Ne7+ f5 35. Bxf5+ Kh6 36. Nf7# 1-0

[Event "Hungarian Rapid-ch 2022"]
[Site "Ajka"]
[Date "2022.07.16"]
[Round "6.6"]
[White "Krstulovic, Alex"]
[Black "Vertetics, Attila"]
[Result "1/2-1/2"]
[ECO "A46"]
[WhiteElo "2413"]
[BlackElo "2465"]
[Annotator "ChessBase"]
[PlyCount "75"]
[EventDate "2022.07.15"]
[EventType "swiss"]
[EventCountry "HUN"]
[SourceTitle "playchess.com"]
[Source "ChessBase"]
[SourceQuality "1"]
[TimeControl "900+10"]

1. d4 Nf6 2. Nf3 e6 3. Bf4 d5 4. e3 c5 5. Nbd2 Nc6 6. c3 cxd4 7. exd4 Nh5 8. Be3 Bd6 9. Ne5 g6 10. Nd3 Ng7 11. g3 Nf5 12. Bf4 O-O 13. Bg2 f6 14. O-O Kh8 15. Re1 Qc7 16. Bxd6 Qxd6 17. f4 b6 18. Nf3 h5 19. Qd2 Bd7 20. Rad1 Kg7 21. Qf2 Nce7 22. h3 Nh6 23. Nh2 Rae8 24. g4 hxg4 25. hxg4 Bb5 26. Qg3 g5 27. Qe3 Ng6 28. fxg5 Qxh2+ 29. Kxh2 Nxg4+ 30. Kg1 Nxe3 31. gxf6+ Rxf6 32. Rxe3 Bxd3 33. Rdxd3 Nf4 34. Rg3+ Kf7 35. Rde3 Rg6 36. Kf2 Rxg3 37. Rxg3 Nxg2 38. Kxg2 1/2-1/2

[Event "Hungarian Rapid-ch 2022"]
[Site "Ajka"]
[Date "2022.07.16"]
[Round "6.7"]
[White "Leviczky, Tibor"]
[Black "Mihok, Oliver"]
[Result "1-0"]
[ECO "E81"]
[WhiteElo "2281"]
[BlackElo "2549"]
[Annotator "ChessBase"]
[PlyCount "87"]
[EventDate "2022.07.15"]
[EventType "swiss"]
[EventCountry "HUN"]
[SourceTitle "playchess.com"]
[Source "ChessBase"]
[SourceQuality "1"]
[TimeControl "900+10"]

1. d4 Nf6 2. c4 g6 3. Nc3 Bg7 4. e4 d6 5. f3 O-O 6. Bg5 c5 7. d5 e6 8. Qd2 exd5 9. cxd5 a6 10. a4 h6 11. Be3 Re8 12. Nge2 Nbd7 13. Nd1 Ne5 14. Nec3 Nh7 15. Nf2 h5 16. Be2 Rb8 17. O-O Bd7 18. a5 f5 19. Rfb1 Qf6 20. Ra3 Rbc8 21. Rb3 Rc7 22. Rb6 Qf8 23. f4 Ng4 24. Bxg4 hxg4 25. e5 dxe5 26. Rxg6 e4 27. Rb6 Nf6 28. d6 Rc6 29. Rxc6 Bxc6 30. Bxc5 Qf7 31. b4 Nh5 32. Ne2 Qe6 33. Nd1 e3 34. Nxe3 Nf6 35. Ng3 Ne4 36. Nxe4 Qxe4 37. Re1 Qxf4 38. Rf1 Qe4 39. Nxf5 Bf6 40. Ne7+ Bxe7 41. dxe7 Kh7 42. Rf6 Qb1+ 43. Kf2 Kg8 44. Qg5+ 1-0

[Event "Hungarian Rapid-ch 2022"]
[Site "Ajka"]
[Date "2022.07.16"]
[Round "6.8"]
[White "Kassay, Krisztian"]
[Black "Czebe, Attila"]
[Result "0-1"]
[ECO "A41"]
[WhiteElo "2157"]
[BlackElo "2385"]
[Annotator "ChessBase"]
[PlyCount "52"]
[EventDate "2022.07.15"]
[EventType "swiss"]
[EventCountry "HUN"]
[SourceTitle "playchess.com"]
[Source "ChessBase"]
[SourceQuality "1"]
[TimeControl "900+10"]

1. d4 d6 2. Nf3 g6 3. Bf4 Bg7 4. e3 Nd7 5. Be2 e5 6. Bg3 Ne7 7. h3 Nf5 8. Bh2 exd4 9. exd4 O-O 10. O-O Nb6 11. c3 Be6 12. Nbd2 a5 13. Ne4 a4 14. Bf4 h6 15. Bd3 Nh4 16. Nxh4 Qxh4 17. Qf3 f5 18. Nd2 Bd5 19. Bg3 Qg5 20. Bc4 Bxc4 21. Nxc4 Nxc4 22. Qd5+ Kh7 23. Qxc4 f4 24. Bh2 f3 25. g3 Qh5 26. Qe6 Rf5 0-1

[Event "Hungarian Rapid-ch 2022"]
[Site "Ajka"]
[Date "2022.07.16"]
[Round "6.9"]
[White "Csonka, Balazs"]
[Black "Egresi, Mate"]
[Result "1/2-1/2"]
[ECO "D02"]
[WhiteElo "2495"]
[BlackElo "2376"]
[Annotator "ChessBase"]
[PlyCount "57"]
[EventDate "2022.07.15"]
[EventType "swiss"]
[EventCountry "HUN"]
[SourceTitle "playchess.com"]
[Source "ChessBase"]
[SourceQuality "1"]
[TimeControl "900+10"]

1. d4 d5 2. Nf3 Nf6 3. Bf4 c5 4. e3 Nc6 5. Nbd2 Nh5 6. Be5 f6 7. c4 e6 8. cxd5 exd5 9. Bg3 Nxg3 10. hxg3 cxd4 11. Nxd4 Nxd4 12. exd4 g6 13. Bd3 Kf7 14. Qc2 Kg7 15. Kf1 Be6 16. Re1 Bf7 17. Qb3 Qd7 18. Nb1 Bd6 19. Nc3 a6 20. Be2 Bb8 21. Bf3 Rd8 22. Bxd5 Bxd5 23. Nxd5 Qxd5 24. Re7+ Kf8 25. Qxd5 Rxd5 26. Rhxh7 Bd6 27. Rhf7+ Kg8 28. Rg7+ Kf8 29. Rgf7+ 1/2-1/2

[Event "Hungarian Rapid-ch 2022"]
[Site "Ajka"]
[Date "2022.07.16"]
[Round "6.10"]
[White "Kaczur, Florian"]
[Black "Lazarne Vajda, Szidonia"]
[Result "1-0"]
[ECO "A12"]
[WhiteElo "2482"]
[BlackElo "2313"]
[Annotator "ChessBase"]
[PlyCount "63"]
[EventDate "2022.07.15"]
[EventType "swiss"]
[EventCountry "HUN"]
[SourceTitle "playchess.com"]
[Source "ChessBase"]
[SourceQuality "1"]
[TimeControl "900+10"]

1. c4 c6 2. Nf3 d5 3. b3 e6 4. Bb2 Nf6 5. Qc2 Nbd7 6. g3 Bd6 7. d4 Ne4 8. Nbd2 f5 9. Bg2 O-O 10. O-O Ndf6 11. c5 Bc7 12. Ne5 Nxd2 13. Qxd2 Bd7 14. b4 Be8 15. f3 Nd7 16. a4 Nxe5 17. dxe5 a5 18. Bd4 b6 19. Rfb1 axb4 20. Qxb4 bxc5 21. Qxc5 Ra5 22. Qb4 Rf7 23. f4 Qa8 24. e3 c5 25. Bxc5 Rxa4 26. Rxa4 Qxa4 27. Qxa4 Bxa4 28. Ra1 Bc6 29. Ra6 Bb7 30. Rxe6 g6 31. Re8+ Kg7 32. e6 1-0

[Event "Hungarian Rapid-ch 2022"]
[Site "Ajka"]
[Date "2022.07.16"]
[Round "6.11"]
[White "Antal, Gergely"]
[Black "Bodi, Tibor"]
[Result "1-0"]
[ECO "B10"]
[WhiteElo "2571"]
[BlackElo "2301"]
[Annotator "ChessBase"]
[PlyCount "79"]
[EventDate "2022.07.15"]
[EventType "swiss"]
[EventCountry "HUN"]
[SourceTitle "playchess.com"]
[Source "ChessBase"]
[SourceQuality "1"]
[TimeControl "900+10"]

1. e4 c6 2. Nf3 d5 3. d3 g6 4. e5 Nh6 5. d4 Nf5 6. c3 Bg7 7. Bd3 f6 8. O-O O-O 9. Re1 b6 10. h3 c5 11. dxc5 bxc5 12. c4 Bb7 13. cxd5 Bxd5 14. Nc3 Bc6 15. Bxf5 gxf5 16. e6 Na6 17. Nh4 Qe8 18. Nxf5 Kh8 19. Bf4 Rg8 20. Qe2 Nb4 21. a3 Bf8 22. Bg3 Nd5 23. Nxd5 Bxd5 24. Rad1 Qc6 25. Nh4 Qb7 26. Qd2 Bc6 27. Rc1 Qb6 28. Qc3 Be8 29. Qxc5 Qxb2 30. Qd5 Rb8 31. Bxb8 Qxb8 32. Rc4 Bh6 33. Nf5 Bf8 34. Rec1 Qb3 35. Kh2 Qxa3 36. Rc8 Bg6 37. Ng3 a5 38. Qa8 Kg7 39. Rd1 h5 40. Rdd8 1-0

[Event "Hungarian Rapid-ch 2022"]
[Site "Ajka"]
[Date "2022.07.16"]
[Round "6.12"]
[White "Varga, Zoltan"]
[Black "Kiss, Pal"]
[Result "1/2-1/2"]
[ECO "B10"]
[WhiteElo "2401"]
[BlackElo "2243"]
[Annotator "ChessBase"]
[PlyCount "56"]
[EventDate "2022.07.15"]
[EventType "swiss"]
[EventCountry "HUN"]
[SourceTitle "playchess.com"]
[Source "ChessBase"]
[SourceQuality "1"]
[TimeControl "900+10"]

1. c4 c6 2. e4 d5 3. cxd5 cxd5 4. exd5 Nf6 5. Bb5+ Nbd7 6. Nc3 a6 7. Be2 Nb6 8. d4 Nbxd5 9. Nf3 e6 10. O-O Be7 11. Ne5 O-O 12. Bf3 Bd7 13. Qb3 Bc6 14. Nxc6 bxc6 15. a3 h6 16. Bd2 Rb8 17. Qc2 Nxc3 18. bxc3 c5 19. Qa4 cxd4 20. Qxa6 dxc3 21. Bxc3 Nd5 22. Rfd1 Ra8 23. Qb7 Rxa3 24. Bxg7 Kxg7 25. Qb2+ Bf6 26. Qxa3 Bxa1 27. Qxa1+ Qf6 28. Bxd5 Qxa1 1/2-1/2

[Event "Hungarian Rapid-ch 2022"]
[Site "Ajka"]
[Date "2022.07.16"]
[Round "6.13"]
[White "Benedek, Istvan"]
[Black "Kantor, Gergely"]
[Result "1-0"]
[ECO "B00"]
[WhiteElo "2059"]
[BlackElo "2582"]
[Annotator "ChessBase"]
[PlyCount "101"]
[EventDate "2022.07.15"]
[EventType "swiss"]
[EventCountry "HUN"]
[SourceTitle "playchess.com"]
[Source "ChessBase"]
[SourceQuality "1"]
[TimeControl "900+10"]

1. e4 Nc6 2. d4 d6 3. Nc3 g6 4. Be3 Bg7 5. Qd2 a6 6. Nf3 b5 7. Bd3 Bg4 8. Ne2 e5 9. d5 Nce7 10. a4 bxa4 11. Rxa4 Nf6 12. Ng3 O-O 13. Bxa6 Bd7 14. Ra3 Ng4 15. O-O f5 16. exf5 gxf5 17. Bg5 h6 18. Bh4 Qe8 19. Bxe7 Qxe7 20. Nh5 e4 21. Nxg7 exf3 22. Ne6 Bxe6 23. dxe6 f4 24. Bb7 Rxa3 25. bxa3 fxg2 26. Kxg2 Qg5 27. Kh1 Qb5 28. Bg2 f3 29. Bh3 Qe2 30. Qd4 h5 31. Rg1 Qxe6 32. Bxg4 hxg4 33. Rxg4+ Kf7 34. Rf4+ Kg8 35. Rxf8+ Kxf8 36. Qf4+ Kg7 37. Qxf3 Qc4 38. Qd3 Qc5 39. Kg2 Qc6+ 40. Kg3 Qc5 41. h4 Qe5+ 42. Kg4 c5 43. Qe3 Qh2 44. Qg3 Qh1 45. Kf5+ Kh7 46. Kf6 Qb7 47. Qg6+ Kh8 48. Qe8+ Kh7 49. Qe7+ Qxe7+ 50. Kxe7 d5 51. Kd6 1-0

[Event "Hungarian Rapid-ch 2022"]
[Site "Ajka"]
[Date "2022.07.16"]
[Round "6.14"]
[White "Aczel, Gergely"]
[Black "Szamoskozi, Gabor"]
[Result "1-0"]
[ECO "E81"]
[WhiteElo "2499"]
[BlackElo "2243"]
[Annotator "ChessBase"]
[PlyCount "65"]
[EventDate "2022.07.15"]
[EventType "swiss"]
[EventCountry "HUN"]
[SourceTitle "playchess.com"]
[Source "ChessBase"]
[SourceQuality "1"]
[TimeControl "900+10"]

1. d4 Nf6 2. c4 g6 3. f3 Bg7 4. e4 d6 5. Nc3 O-O 6. Bg5 c5 7. d5 e6 8. Qd2 exd5 9. cxd5 Re8 10. Be2 a6 11. a4 Nbd7 12. Nh3 Rb8 13. Nf2 Qc7 14. O-O c4 15. a5 Nc5 16. Bxc4 b5 17. axb6 Qxb6 18. Ra2 Nb3 19. Qd1 Nd7 20. Kh1 Ne5 21. Be2 h6 22. Bh4 Qe3 23. Re1 Qb6 24. Bg3 Nd4 25. Bf1 g5 26. Nd3 Ng6 27. Bf2 Qb3 28. Nc1 Qxd1 29. Rxd1 Nc2 30. Na4 Ne5 31. Nb6 Bd7 32. Rxa6 Nb4 33. Ra7 1-0

[Event "Hungarian Rapid-ch 2022"]
[Site "Ajka"]
[Date "2022.07.16"]
[Round "6.15"]
[White "Bagi, Mate"]
[Black "Pogany, Zsombor"]
[Result "1-0"]
[ECO "B10"]
[WhiteElo "2460"]
[BlackElo "2178"]
[Annotator "ChessBase"]
[PlyCount "63"]
[EventDate "2022.07.15"]
[EventType "swiss"]
[EventCountry "HUN"]
[SourceTitle "playchess.com"]
[Source "ChessBase"]
[SourceQuality "1"]
[TimeControl "900+10"]

1. e4 c6 2. Nf3 d5 3. Nc3 dxe4 4. Nxe4 Nf6 5. Qe2 Nxe4 6. Qxe4 Nd7 7. Bc4 Nf6 8. Ne5 e6 9. Qe2 b5 10. Bb3 Qc7 11. O-O Bd6 12. d4 Bb7 13. Bf4 O-O 14. Rad1 a6 15. Bg3 Rfe8 16. c3 Rad8 17. Nd3 Bxg3 18. hxg3 Nd7 19. Qh5 Nf6 20. Qh4 Nd7 21. Bc2 h6 22. b4 e5 23. dxe5 c5 24. e6 fxe6 25. bxc5 Nxc5 26. Qh5 Nxd3 27. Rxd3 Qc6 28. f3 Rxd3 29. Bxd3 Rd8 30. Qg6 Qe8 31. Qh7+ Kf8 32. Bg6 1-0

[Event "Hungarian Rapid-ch 2022"]
[Site "Ajka"]
[Date "2022.07.16"]
[Round "6.16"]
[White "Margl, Roland"]
[Black "Jakab, Attila"]
[Result "0-1"]
[ECO "E06"]
[WhiteElo "2312"]
[BlackElo "2311"]
[Annotator "ChessBase"]
[PlyCount "72"]
[EventDate "2022.07.15"]
[EventType "swiss"]
[EventCountry "HUN"]
[SourceTitle "playchess.com"]
[Source "ChessBase"]
[SourceQuality "1"]
[TimeControl "900+10"]

1. Nf3 d5 2. d4 Nf6 3. c4 e6 4. g3 Be7 5. Bg2 O-O 6. O-O dxc4 7. Qc2 a6 8. a4 Bd7 9. Rd1 Bc6 10. Nc3 Bb4 11. Bg5 h6 12. Bxf6 Qxf6 13. Ne5 Bxg2 14. Kxg2 Rd8 15. Qe4 c6 16. Nxc4 Nd7 17. Rac1 Qe7 18. e3 Rac8 19. Qf3 b5 20. Nd2 Nb6 21. axb5 cxb5 22. Na2 Na4 23. Rxc8 Rxc8 24. Nxb4 Qxb4 25. Qb7 Rc2 26. b3 Nb2 27. Qa8+ Qf8 28. Qe4 Qc8 29. Nc4 Rxf2+ 30. Kxf2 Nxd1+ 31. Ke1 bxc4 32. Kxd1 cxb3 33. Qd3 Qb7 34. Kc1 a5 35. e4 a4 36. Kb2 Qb4 0-1

[Event "Hungarian Rapid-ch 2022"]
[Site "Ajka"]
[Date "2022.07.16"]
[Round "6.17"]
[White "Lizak, Peter"]
[Black "Balint, Vilmos"]
[Result "0-1"]
[ECO "A10"]
[WhiteElo "2400"]
[BlackElo "2283"]
[Annotator "ChessBase"]
[PlyCount "72"]
[EventDate "2022.07.15"]
[EventType "swiss"]
[EventCountry "HUN"]
[SourceTitle "playchess.com"]
[Source "ChessBase"]
[SourceQuality "1"]
[TimeControl "900+10"]

1. c4 f5 2. g3 Nf6 3. Bg2 g6 4. Nc3 Bg7 5. d3 O-O 6. e4 d6 7. Nge2 Nc6 8. O-O Bd7 9. h3 Qc8 10. Kh2 fxe4 11. dxe4 e5 12. Be3 b6 13. Nd5 Nh5 14. Qd2 Kh8 15. Rac1 a5 16. Nec3 Rf7 17. Nb5 Be6 18. Nbxc7 Rxc7 19. Nxb6 Qb7 20. Nxa8 Qxa8 21. Qxd6 Qc8 22. f4 Nd4 23. fxe5 Ne2 24. Rcd1 Nhxg3 25. Qd8+ Bg8 26. Qxc8 Rxc8 27. Rf6 Nh5 28. Bf3 Neg3 29. Bg5 Rxc4 30. Rd8 Nxe4 31. Bxe4 Rxe4 32. Re6 h6 33. Bxh6 Re2+ 34. Kg1 Bxh6 35. Ree8 Be3+ 36. Kf1 Ng3# 0-1

[Event "Hungarian Rapid-ch 2022"]
[Site "Ajka"]
[Date "2022.07.16"]
[Round "6.18"]
[White "Giang, Tran Nam"]
[Black "Papp, Levente"]
[Result "0-1"]
[ECO "C15"]
[WhiteElo "2144"]
[BlackElo "2394"]
[Annotator "ChessBase"]
[PlyCount "104"]
[EventDate "2022.07.15"]
[EventType "swiss"]
[EventCountry "HUN"]
[SourceTitle "playchess.com"]
[Source "ChessBase"]
[SourceQuality "1"]
[TimeControl "900+10"]

1. e4 e6 2. d4 d5 3. Nc3 Bb4 4. Nge2 Ne7 5. a3 Ba5 6. b4 Bb6 7. Be3 O-O 8. Ng3 dxe4 9. Ncxe4 f5 10. c4 c6 11. c5 Bc7 12. Ng5 h6 13. Bc4 Nd5 14. Nf3 f4 15. Bxf4 Rxf4 16. Qe2 Nd7 17. O-O N7f6 18. Rfe1 Qe8 19. Qd2 Bd7 20. Ne2 Rxf3 21. gxf3 Qh5 22. Ng3 Qxf3 23. Be2 Qf4 24. Qxf4 Bxf4 25. Bc4 a5 26. Rab1 axb4 27. axb4 Ra4 28. Rb2 Kf7 29. Kg2 Bc7 30. Reb1 b5 31. cxb6 Bxb6 32. Ne2 Ne4 33. Bb3 Ra8 34. Rc1 Ke7 35. Bc2 Nd6 36. Bb1 Nb5 37. Rc4 Rf8 38. Be4 Nd6 39. Bxd5 exd5 40. Rc3 Nb5 41. Rg3 Rf7 42. Rd2 Bf5 43. h4 Kd6 44. Kg1 Bd8 45. h5 Be4 46. f3 Bxf3 47. Rg6+ Bf6 48. Ng3 Be4 49. Nxe4+ dxe4 50. Kg2 Kd5 51. Rg3 Ra7 52. Rg4 Nxd4 0-1

[Event "Hungarian Rapid-ch 2022"]
[Site "Ajka"]
[Date "2022.07.16"]
[Round "6.19"]
[White "Hoang, Thanh Trang"]
[Black "Miszler, Levente"]
[Result "1-0"]
[ECO "A40"]
[WhiteElo "2376"]
[BlackElo "2243"]
[Annotator "ChessBase"]
[PlyCount "115"]
[EventDate "2022.07.15"]
[EventType "swiss"]
[EventCountry "HUN"]
[SourceTitle "playchess.com"]
[Source "ChessBase"]
[SourceQuality "1"]
[TimeControl "900+10"]

1. d4 e6 2. Nf3 d5 3. Bf4 Nf6 4. e3 c5 5. Nbd2 Nc6 6. c3 cxd4 7. exd4 Nh5 8. Be3 g6 9. Bd3 Bd6 10. O-O f5 11. Bh6 Qf6 12. Re1 Bf4 13. Bxf4 Nxf4 14. Bf1 g5 15. Ne5 Nxe5 16. dxe5 Qf7 17. c4 O-O 18. g3 Ng6 19. cxd5 exd5 20. Nf3 h6 21. Bg2 Be6 22. Nd4 Rad8 23. Qd2 f4 24. Rad1 Ne7 25. Rc1 Nf5 26. Nxe6 Qxe6 27. Rc7 fxg3 28. hxg3 Nxg3 29. Qd3 Ne4 30. Bxe4 dxe4 31. Qxe4 Qf5 32. Qxf5 Rxf5 33. e6 Rb5 34. b3 a5 35. Rd7 Re8 36. Rc1 Re5 37. Rcc7 R5xe6 38. Rg7+ Kh8 39. Rh7+ Kg8 40. Rcg7+ Kf8 41. Rxb7 Kg8 42. Rbg7+ Kf8 43. Kg2 R8e7 44. Rxe7 Rxe7 45. Rxh6 Re2 46. a4 Kf7 47. Rb6 Rb2 48. Kg3 Kg7 49. f3 Kf7 50. Kg4 Rg2+ 51. Kf5 Rg3 52. Rb7+ Ke8 53. Ke4 g4 54. fxg4 Rxg4+ 55. Kd5 Kd8 56. Kc5 Kc8 57. Rb5 Rg5+ 58. Kb6 1-0

[Event "Hungarian Rapid-ch 2022"]
[Site "Ajka"]
[Date "2022.07.16"]
[Round "6.20"]
[White "Szalay-Ocsak, Bank"]
[Black "Straubinger, Daniel"]
[Result "0-1"]
[ECO "B19"]
[WhiteElo "2146"]
[BlackElo "2349"]
[Annotator "ChessBase"]
[PlyCount "86"]
[EventDate "2022.07.15"]
[EventType "swiss"]
[EventCountry "HUN"]
[SourceTitle "playchess.com"]
[Source "ChessBase"]
[SourceQuality "1"]
[TimeControl "900+10"]

1. e4 c6 2. d4 d5 3. Nc3 dxe4 4. Nxe4 Bf5 5. Ng3 Bg6 6. h4 h6 7. Nf3 Nd7 8. h5 Bh7 9. Bd3 Bxd3 10. Qxd3 e6 11. Bf4 Qa5+ 12. Bd2 Bb4 13. Ne4 Ngf6 14. Nd6+ Ke7 15. Nc4 Bxd2+ 16. Nfxd2 Qc7 17. O-O-O Rhd8 18. Nf3 Kf8 19. Nfe5 Nxe5 20. Nxe5 c5 21. Qa3 b6 22. g4 Kg8 23. g5 cxd4 24. Qg3 Rac8 25. Kb1 Ne4 26. Qf4 Nxg5 27. Rd2 f6 28. Nd3 e5 29. Qf5 e4 30. Nf4 Nf3 31. Re2 d3 32. cxd3 Nd4 33. Qxe4 Nxe2 34. Nxe2 Qc2+ 35. Ka1 Qxd3 36. Qe6+ Kh8 37. Nc3 Qd7 38. Qe3 b5 39. a3 a5 40. Rg1 b4 41. Ne4 bxa3 42. Qxa3 Rc4 43. Qe3 Qa4+ 0-1

[Event "Hungarian Rapid-ch 2022"]
[Site "Ajka"]
[Date "2022.07.16"]
[Round "6.21"]
[White "Emodi, Barnabas"]
[Black "Horvath, Kristof"]
[Result "1/2-1/2"]
[ECO "D02"]
[WhiteElo "2341"]
[BlackElo "2053"]
[Annotator "ChessBase"]
[PlyCount "73"]
[EventDate "2022.07.15"]
[EventType "swiss"]
[EventCountry "HUN"]
[SourceTitle "playchess.com"]
[Source "ChessBase"]
[SourceQuality "1"]
[TimeControl "900+10"]

1. d4 d5 2. Nf3 Nf6 3. c4 e6 4. e3 c5 5. Nc3 Nc6 6. a3 cxd4 7. exd4 Be7 8. c5 a6 9. Bd3 Qc7 10. O-O O-O 11. Re1 h6 12. b4 Re8 13. g3 b5 14. Rb1 Bd7 15. a4 Na7 16. Ne5 Qb7 17. Qe2 Bc6 18. Bf4 Bf8 19. h4 Nd7 20. axb5 Bxb5 21. Nxb5 axb5 22. c6 Nxc6 23. Nxc6 Qxc6 24. Bxb5 Qb7 25. Rec1 Rec8 26. Rxc8 Qxc8 27. Rc1 Qd8 28. Bc6 Ra3 29. Qb5 Nb6 30. Qe2 Bxb4 31. Qb2 Be7 32. Bb5 Nc4 33. Bxc4 dxc4 34. Rxc4 Qa8 35. Qb8+ Qxb8 36. Bxb8 Bf6 37. Be5 1/2-1/2

[Event "Hungarian Rapid-ch 2022"]
[Site "Ajka"]
[Date "2022.07.16"]
[Round "6.22"]
[White "Papp, Bence"]
[Black "Meszaros, Tamas"]
[Result "1-0"]
[ECO "A45"]
[WhiteElo "2244"]
[BlackElo "2368"]
[Annotator "ChessBase"]
[PlyCount "103"]
[EventDate "2022.07.15"]
[EventType "swiss"]
[EventCountry "HUN"]
[SourceTitle "playchess.com"]
[Source "ChessBase"]
[SourceQuality "1"]
[TimeControl "900+10"]

1. d4 Nf6 2. Bf4 e6 3. Nf3 b6 4. e3 Bb7 5. Bd3 Be7 6. h3 O-O 7. O-O c5 8. Nbd2 cxd4 9. exd4 d6 10. Qe2 Nbd7 11. c3 a6 12. Rfe1 Re8 13. Ng5 Nf8 14. Nge4 Nd5 15. Bh2 f5 16. c4 Nb4 17. Nc3 Bf6 18. Nb3 g6 19. Rad1 Nxd3 20. Qxd3 Rc8 21. Nc1 Qc7 22. b3 b5 23. N1e2 bxc4 24. bxc4 Red8 25. Rb1 Ba8 26. Rb4 Nd7 27. Nf4 Nf8 28. Nxe6 Nxe6 29. Rxe6 Qg7 30. Ne2 Be4 31. Qd2 a5 32. Ra4 Qd7 33. Rxf6 Qxa4 34. Rxd6 Rxd6 35. Bxd6 Qxc4 36. Be5 Qf7 37. Qxa5 Ra8 38. Qb6 h6 39. Nf4 Kh7 40. f3 Bc2 41. Nxg6 Rg8 42. Nf4 Bd1 43. Qc6 Re8 44. Nd5 Re6 45. Qa8 Kg6 46. Nf4+ Kg5 47. Nxe6+ Qxe6 48. Qd8+ Kg6 49. Qf8 Ba4 50. Qg7+ Kh5 51. Kh2 Bd1 52. g4+ 1-0

[Event "Hungarian Rapid-ch 2022"]
[Site "Ajka"]
[Date "2022.07.16"]
[Round "6.23"]
[White "Tubak, Daniel"]
[Black "Tolnai, Tibor"]
[Result "0-1"]
[ECO "B43"]
[WhiteElo "2182"]
[BlackElo "2433"]
[Annotator "ChessBase"]
[PlyCount "90"]
[EventDate "2022.07.15"]
[EventType "swiss"]
[EventCountry "HUN"]
[SourceTitle "playchess.com"]
[Source "ChessBase"]
[SourceQuality "1"]
[TimeControl "900+10"]

1. e4 c5 2. Nf3 e6 3. d4 cxd4 4. Nxd4 a6 5. Nc3 b5 6. Bd3 Bb7 7. O-O Ne7 8. Qe2 Nbc6 9. Nxc6 Nxc6 10. f4 Be7 11. Be3 Nb4 12. Bd4 O-O 13. Qg4 f6 14. a3 Nxd3 15. cxd3 Rc8 16. Rac1 Bc5 17. Bxc5 Rxc5 18. Qg3 f5 19. Qe3 Rc8 20. Qd4 Bc6 21. e5 g5 22. Ne2 Kh8 23. Qe3 gxf4 24. Nxf4 Rg8 25. Rf2 Rg4 26. Rd1 Qg5 27. Re1 Rg8 28. Ree2 h5 29. Qd2 Kh7 30. Nh3 Qh4 31. Qe3 R8g7 32. Nf4 Qg5 33. Qd2 h4 34. Nh3 Qd8 35. Rf4 Rxg2+ 36. Rxg2 Rxg2+ 37. Qxg2 Bxg2 38. Kxg2 Qc7 39. Rxh4+ Kg7 40. Nf4 Qxe5 41. Kf3 Qxb2 42. Rh3 Qxa3 43. Rg3+ Kf7 44. Ke3 Qc1+ 45. Kf3 b4 0-1

[Event "Hungarian Rapid-ch 2022"]
[Site "Ajka"]
[Date "2022.07.16"]
[Round "6.24"]
[White "Kovacs, Klara"]
[Black "Molnar, Aurel Jr."]
[Result "1-0"]
[ECO "B81"]
[WhiteElo "2098"]
[BlackElo "2014"]
[Annotator "ChessBase"]
[PlyCount "53"]
[EventDate "2022.07.15"]
[EventType "swiss"]
[EventCountry "HUN"]
[SourceTitle "playchess.com"]
[Source "ChessBase"]
[SourceQuality "1"]
[TimeControl "900+10"]

1. e4 c5 2. Nf3 e6 3. d4 cxd4 4. Nxd4 Nf6 5. Nc3 d6 6. g4 h6 7. h4 Nc6 8. Be3 d5 9. Bb5 Bd7 10. exd5 exd5 11. Rg1 Bb4 12. Nf5 Bxf5 13. gxf5 Qa5 14. Qd3 Ne4 15. Kf1 Bxc3 16. Qxd5 O-O 17. Bxc6 bxc6 18. Qxe4 Rfe8 19. Qxc6 Rac8 20. Qf3 Bxb2 21. Rb1 Rxc2 22. Rg4 Qxa2 23. Rxb2 Qxb2 24. Bd4 Qb1+ 25. Kg2 g6 26. fxg6 f5 27. Qd5+ 1-0

[Event "Hungarian Rapid-ch 2022"]
[Site "Ajka"]
[Date "2022.07.16"]
[Round "6.25"]
[White "Kiss, Gergely"]
[Black "Udvardi, Zalan"]
[Result "1/2-1/2"]
[ECO "A01"]
[WhiteElo "2166"]
[BlackElo "2310"]
[Annotator "ChessBase"]
[PlyCount "117"]
[EventDate "2022.07.15"]
[EventType "swiss"]
[EventCountry "HUN"]
[SourceTitle "playchess.com"]
[Source "ChessBase"]
[SourceQuality "1"]
[TimeControl "900+10"]

1. b3 e5 2. Bb2 Nc6 3. e3 g6 4. Nf3 Bg7 5. d4 e4 6. Nfd2 f5 7. c4 Nge7 8. Nc3 d6 9. h4 h6 10. a3 O-O 11. g3 Nb8 12. Rc1 Nd7 13. b4 Nf6 14. Ne2 Be6 15. Nf4 Bf7 16. Be2 d5 17. a4 c6 18. Nb3 b6 19. c5 Nd7 20. Ba3 bxc5 21. Nxc5 Nxc5 22. Rxc5 Rb8 23. Qd2 g5 24. hxg5 hxg5 25. Nh5 Bxh5 26. Rxh5 f4 27. Bg4 Qd6 28. gxf4 gxf4 29. b5 Qg6 30. Be2 f3 31. Rh1 Qg2 32. Rf1 fxe2 33. Qxe2 cxb5 34. axb5 Rfc8 35. Qa2 Rd8 36. Qe2 Rb7 37. Qh5 a6 38. Rh1 Qg6 39. Qe2 Rdb8 40. bxa6 Rb1+ 41. Bc1 Qb6 42. Qh5 Qxc5 43. dxc5 Rxc1+ 44. Kd2 Rxc5 45. Rd1 Ra5 46. Ke1 Rxa6 47. Rc1 Rh6 48. Qg4 Rg6 49. Qd7 Rg1+ 50. Kd2 Rxc1 51. Kxc1 Kf7 52. Qd6 Rc8+ 53. Kd1 Rc6 54. Qg3 Bf6 55. Qh3 Ke8 56. Qh7 Kd8 57. Qf7 Kc7 58. Ke2 Kd6 59. Qxf6+ 1/2-1/2